 Dungeon Crawl Stone Soup version 0.24.0-123-gd5b16e6ec5 (webtiles) character file.

Game seed: 17030932034640743521, levelgen mode: deterministic

20514 Johnny the Geomancer (level 12, -21/81 HPs)
             Began as a Demigod Earth Elementalist on Jan 30, 2020.
             Killed from afar by a frost giant (53 damage)
             ... with a bolt of cold
             ... in an ice cave.
             The game lasted 00:17:09 (12023 turns).

Johnny the Geomancer (Demigod Earth Elementalist)  Turns: 12023, Time: 00:17:10

Health: -21/81     AC: 10    Str: 15    XL:     12   Next: 17%
Magic:  2/31       EV: 12    Int: 30    God:
Gold:   612        SH:  7    Dex: 18    Spells: 19/32 levels left

rFire    + + .     SeeInvis +   (no weapon)
rCold    . . .     Gourm    .   C - +0 buckler
rNeg     . . .     Faith    .   i - +2 robe {MR+}
rPois    .         Spirit   .   E - +2 helmet of Quantum Leap {*Slow rF++ Str+4 Int+3 Dex+2}
rElec    .         Reflect  .   (no cloak)
rCorr    .         Harm     .   g - +2 pair of gloves
MR       ++...                  (no boots)
Stlth    ++........             (no amulet)
HPRegen  0.23/turn              f - ring of see invisible
MPRegen  0.22/turn              M - ring of flight

@: hasted, very quick
A: high mp 1
a: Evoke Flight


You were in an ice cave.
You were hungry.

You visited 1 branch of the dungeon, and saw 11 of its levels.
You also visited: Sewer and Ice Cave.

You collected 612 gold pieces.

Inventory:

Hand Weapons
 G - the +10 arbalest of the Original Sin {velocity, *Contam +Inv rPois Int+4, unknown}
   (You found it on level 6 of the Dungeon)

   Any bolt fired from it inflicts extra damage.
   It affects your intelligence (+4).
   It protects you from poison.
   It lets you turn invisible.
   It causes magical contamination when unequipped.
Missiles
 J - a throwing net (quivered)
Armour
 g - a +2 pair of gloves (worn)
 i - a +2 robe of magic resistance (worn)
 k - a +1 hat of magic resistance
 C - a +0 buckler (worn)
 E - the +2 helmet of Quantum Leap (worn) {*Slow rF++ Str+4 Int+3 Dex+2}
   (You found it on level 5 of the Dungeon)

   It affects your strength (+4).
   It affects your intelligence (+3).
   It affects your dexterity (+2).
   It greatly protects you from fire.
   It may slow you when you take damage.
Jewellery
 f - a ring of see invisible (left hand)
 M - a ring of flight (right hand)
Wands
 r - a wand of digging (3)
 N - a wand of flame (39)
Scrolls
 e - 3 scrolls of enchant armour
 h - a scroll of random uselessness
 j - 2 scrolls of fog
 s - a scroll of immolation
 t - 5 scrolls of teleportation
 w - 3 scrolls of fear
 y - a scroll of enchant weapon
 z - a scroll of blinking
 A - 2 scrolls of amnesia
 D - 5 scrolls of remove curse
 F - a scroll of noise
 I - a scroll of holy word {unknown}
 P - a scroll of identify
Potions
 b - 2 potions of mutation
 l - 2 potions of ambrosia
 m - a potion of berserk rage {unknown}
 n - a potion of heal wounds
 o - 4 potions of flight
 p - 3 potions of invisibility {unknown}
 q - 4 potions of curing
 u - 2 potions of brilliance {unknown}
 x - 4 potions of degeneration {unknown}
 B - a potion of resistance
 H - a potion of magic {unknown}
 L - a potion of agility {unknown}
 O - a potion of lignification {unknown}
Comestibles
 a - 7 chunks of flesh
 d - 12 rations


   Skills:
 - Level 1.7 Dodging
 - Level 1.7 Stealth
 + Level 10.1 Shields
 + Level 10.7 Spellcasting
 - Level 0.8 Transmutations
 + Level 11.7 Earth Magic


You had 19 spell levels left.
You knew the following spells:

 Your Spells              Type           Power        Failure   Level  Hunger
a - Sandblast             Erth           ######       1%          1    None
b - Stone Arrow           Conj/Erth      ######       1%          3    None
c - Lee's Rapid Deconstr  Erth           ######....   1%          5    ###....
d - Petrify               Tmut/Erth      ######..     2%          4    None

Your spell library contained the following spells:

 Spells                   Type           Power        Failure   Level  Hunger
 Passwall                 Tmut/Erth      ######..     1%          2    None
 Animate Skeleton         Necr           N/A          3%          1    None
 Apportation              Tloc           ###...       3%          1    None
 Confusing Touch          Hex            ###...       3%          1    None
 Summon Small Mammal      Summ           ###.         3%          1    None


Dungeon Overview and Level Annotations

Branches:
Dungeon (12/15)            Temple (0/1) D:4             Orc (0/2) D:12
  Sewer (visited)           IceCv (1/1)
   Lair: D:8-11

Annotations:
D:5 1 runed translucent door, Danqa's ghost, novice MfGl


Innate Abilities, Weirdness & Mutations

You have an increased reservoir of magic. (+10% MP)


Message History

The bolt of cold hits you!
Unknown command.
Unknown command.
Casting: Lee's Rapid Deconstruction (safe; 1% risk of failure)
Confirm with . or Enter, or press ? or * to list all spells.
Aiming: Lee's Rapid Deconstruction (safe; 1% risk of failure)
Press: ? - help, Dir - move target cursor An ice covered rock wall.
The wall shatters!
The blast of rock fragments hits the frost giant!!
The frost giant is almost dead.
The blast of rock fragments hits the polar bear!!
You kill the polar bear!
The blast of rock fragments hits the yak!!
You kill the yak!
You are feeling hungry.
The frost giant gestures at you while chanting.
The bolt of cold hits you!!!
Ouch! That really hurt!
You die...
Y.## ....# ###### YhY..

### ###....### .YC...
..#######....#...####......
#....#.....####..†.#...#
##..÷†..#### ##†#..C#
######## #C##### #@# #.#
#.# #.# #.# ###


You could see a frost giant.

Vanquished Creatures
  4 two-headed ogres
  A death knight (D:12)
  2 skeletal warriors (D:12)
  An unseen horror (D:12)
  2 phantasmal warriors (D:12)
  An ugly thing (D:12)
  4 centaur zombies (D:12)
  Joseph (D:8)
  An ice statue (IceCv)
  A gargoyle (D:12)
  13 polar bears (IceCv)
  2 hippogriffs
  20 yaks
  A hungry ghost (D:12)
  A steam dragon (D:12)
  Duvessa (D:6)
  2 water moccasins
  5 orc warriors
  13 ice beasts
  4 sky beasts
  2 phantoms
  An ogre (D:9)
  2 centaurs
  8 wolves (IceCv)
  A big kobold (D:7)
  Blork the orc (D:8)
  6 bullfrogs
  Dowan (D:6)
  2 scorpions
  8 wights (D:6)
  5 howler monkeys
  4 crimson imps
  2 jellies
  4 orc priests
  3 hounds
  9 orc wizards
  2 centaur skeletons
  Jessica (D:2)
  A bullfrog skeleton (D:12)
  6 iguanas
  Ijyb (D:3)
  Natasha (thrice) (D:2)
  5 worker ants
  A killer bee zombie (D:8)
  A hound skeleton (D:5)
  A howler monkey zombie (D:11)
  11 adders
  3 shadow imps
  5 oozes (Sewer)
  7 worms
  An adder skeleton (D:4)
  6 dart slugs
  5 leopard geckos
  10 orcs
  9 giant cockroaches
  13 goblins
  2 hobgoblins
  14 jackals
  9 quokkas
  3 ball pythons (Sewer)
  15 bats
  7 frilled lizards
  2 jackal skeletons
  11 kobolds
  5 rats
299 creatures vanquished.

Notes
Turn   | Place    | Note
-------+----------+-------------------------------------------
     0 | D:1      | Johnny the Demigod Earth Elementalist began the quest for
                  | the Orb.
     0 | D:1      | Reached XP level 1. HP: 14/14 MP: 5/5
   356 | D:1      | Reached skill level 3 in Earth Magic
   425 | D:1      | Reached XP level 2. HP: 20/20 MP: 7/7
  1124 | D:2      | Reached XP level 3. HP: 26/26 MP: 6/9
  1171 | D:2      | Reached XP level 4. HP: 20/33 MP: 0/11
  1405 | D:2      | Reached skill level 4 in Earth Magic
  1410 | D:2      | Reached XP level 5. HP: 16/38 MP: 3/13
  1523 | D:2      | Noticed Jessica
  1533 | D:2      | Killed Jessica
  1615 | D:2      | Learned a level 3 spell: Stone Arrow
  1723 | D:2      | Noticed Natasha
  1726 | D:2      | Killed Natasha
  1901 | D:2      | Noticed Natasha
  1904 | D:2      | Killed Natasha
  1972 | D:2      | Noticed Natasha
  1978 | D:2      | Killed Natasha
  2375 | D:3      | Found a shattered altar of Ashenzari.
  2383 | D:3      | Found an iron altar of Okawaru.
  2872 | D:3      | Noticed Ijyb
  2917 | D:3      | Killed Ijyb
  2917 | D:3      | Reached XP level 6. HP: 45/45 MP: 11/15
  3069 | D:3      | Reached skill level 5 in Earth Magic
  3075 | D:3      | Found a white marble altar of Elyvilon.
  3076 | D:3      | Found a snail-covered altar of Cheibriados.
  3611 | D:4      | Noticed a water moccasin
  3619 | D:4      | Killed a water moccasin
  3694 | D:4      | Found a staircase to the Ecumenical Temple.
  4215 | D:5      | Entered Level 5 of the Dungeon
  4246 | D:5      | Found a runed translucent door.
  4247 | D:5      | Noticed Danqa's ghost (novice MfGl)
  4277 | D:5      | Reached XP level 7. HP: 50/50 MP: 12/17
  4283 | D:5      | Found a glowing drain.
  4300 | D:5      | Reached skill level 5 in Spellcasting
  4300 | D:5      | Reached skill level 6 in Earth Magic
  4322 | Sewer    | Entered a sewer
  5055 | D:5      | Got a transparent helmet
  5066 | D:5      | Identified the +2 helmet of Quantum Leap {*Slow rF++ Str+4
                  | Int+3 Dex+2} (You found it on level 5 of the Dungeon)
  5125 | D:5      | Noticed a hippogriff
  5129 | D:5      | Killed a hippogriff
  5129 | D:5      | Reached skill level 1 in Shields
  5212 | D:5      | Reached XP level 8. HP: 57/57 MP: 18/20
  5219 | D:5      | Learned a level 5 spell: Lee's Rapid Deconstruction
  5224 | D:5      | Learned a level 4 spell: Petrify
  5656 | D:6      | Found a sacrificial altar of Ru.
  5663 | D:6      | Reached skill level 7 in Earth Magic
  6011 | D:6      | Noticed Duvessa
  6012 | D:6      | Noticed Dowan
  6032 | D:6      | Killed Duvessa
  6035 | D:6      | Killed Dowan
  6364 | D:6      | Got an ivory arbalest
  6616 | D:6      | Reached XP level 9. HP: 62/62 MP: 19/23
  6935 | D:7      | Reached skill level 8 in Earth Magic
  6952 | D:7      | Reached skill level 5 in Shields
  7740 | D:8      | Noticed Joseph
  7819 | D:8      | Killed Joseph
  8251 | D:8      | Noticed Blork the orc
  8257 | D:8      | Killed Blork the orc
  8262 | D:8      | Found a shimmering blue altar of Sif Muna.
  8348 | D:8      | Found a burning altar of Makhleb.
  8349 | D:8      | Found a radiant altar of Vehumet.
  8745 | D:9      | Noticed a two-headed ogre
  8768 | D:9      | Reached skill level 9 in Earth Magic
  8770 | D:9      | Reached XP level 10. HP: 63/69 MP: 17/26
  8773 | D:9      | Killed a two-headed ogre
  8841 | D:9      | Noticed a two-headed ogre
  8847 | D:9      | Killed a two-headed ogre
  9261 | D:9      | You fall into a shaft and drop 3 floors!
  9491 | D:12     | Reached skill level 10 in Earth Magic
  9554 | D:12     | Noticed a green ugly thing
  9567 | D:12     | Killed a green ugly thing
  9574 | D:12     | Reached XP level 11. HP: 55/74 MP: 1/28
  9583 | D:12     | Noticed a death knight
  9687 | D:12     | Found a basalt altar of Yredelemnul.
  9742 | D:12     | Noticed a two-headed ogre
  9753 | D:12     | Killed a two-headed ogre
  9762 | D:12     | Got a bronze leather armour
  9859 | D:12     | Identified the cursed +1 leather armour "Iprahoe" {Str+4}
                  | (You found it on level 12 of the Dungeon)
 10044 | D:12     | Noticed an unseen horror
 10046 | D:12     | Found a staircase to the Orcish Mines.
 10050 | D:12     | Killed an unseen horror
 10056 | D:12     | Noticed a skeletal warrior
 10058 | D:12     | Noticed a phantasmal warrior
 10115 | D:12     | Killed a skeletal warrior
 10219 | D:12     | Noticed a two-headed ogre
 10224 | D:12     | Killed a two-headed ogre
 10453 | D:12     | Noticed a skeletal warrior
 10457 | D:12     | Killed a skeletal warrior
 10457 | D:12     | Noticed a phantasmal warrior
 10468 | D:12     | Killed a phantasmal warrior
 10638 | D:12     | Killed a death knight
 10638 | D:12     | Reached skill level 10 in Spellcasting
 10638 | D:12     | Reached skill level 11 in Earth Magic
 10638 | D:12     | Killed a phantasmal warrior
 11083 | D:11     | Found a frozen archway.
 11135 | IceCv    | Entered an ice cave
 11733 | IceCv    | Reached XP level 12. HP: 71/81 MP: 15/31
 11868 | IceCv    | Reached skill level 10 in Shields
 12005 | IceCv    | Noticed a frost giant
 12023 | IceCv    | Killed from afar by a frost giant

Levels and vault maps discovered:
D:1:      dpeg_arrival_rhombus, layout_loops_ring
D:2:      layout_loops_ring, uniq_natasha, uniq_jessica
D:3:      kennysheep_goblin_castle, layout_basic,
          nicolae_overflow_hidden_temple, serial_forest,
          infiniplex_forest_clump_medium, infiniplex_forest_pool,
          infiniplex_forest_lined_4_way, infiniplex_forest_clump_long,
          infiniplex_forest_clump_double, infiniplex_forest_corner_2,
          infiniplex_forest_fountain, mrwooster_statue_mirror
D:4:      layout_loops_ring, minmay_temple_entry_glass, first_ration,
          kennysheep_boxes
D:5:      layout_loops_ring, gammafunk_ghost_grave, gup_sewer_entry_glass,
          minmay_manual_maat, uniq_ijyb
D:6:      layout_cave_pods, nicolae_ru_great_annihilating_truth, uniq_duvessa
D:7:      layout_cave_pools
D:8:      layout_cave_pools, grunt_temple_overflow_lords_of_destruction,
          tgw_sif, uniq_joseph
D:9:      layout_layer_cave
D:11:     layout_rooms, serial_ice, serial_ice_d, serial_ice_g, serial_ice_l,
          serial_ice_f, portal_ice_cave_entry_ice_beasts, uniq_sonja
D:12:     layout_loops_ring, david_orc_2, basic_altar, grunt_ogre_cave,
          eino_small_chamber_without_monster
IceCv:    ice_cave_small_giant

Skill      XL: |  1  2  3  4  5  6  7  8  9 10 11 12 |
---------------+-------------------------------------+-----
Spellcasting   | 2 3 4 5 6 8 9 10 | 10.7
Earth Magic    | 3 4 5 6 7 9 10 11 | 11.7
Shields        | 2 4 6 8 9 10 | 10.1
Dodging        | |  1.7
Stealth        | |  1.7
Transmutations | |  0.8

Action                   |  1- 3 |  4- 6 |  7- 9 | 10-12 || total
-------------------------+-------+-------+-------+-------++-------
Melee: Unarmed           |    57 |   150 |    45 |    24 ||   276
Throw: Stone             |       |       |       |     1 ||     1
       Throwing net      |       |       |       |     1 ||     1
 Cast: Sandblast         |    27 |    90 |   124 |    64 ||   305
       Stone Arrow       |       |     3 |    87 |    22 ||   112
       Lee's Rapid Decon |       |       |     4 |    66 ||    70
Evoke: Wand              |       |       |    12 |    26 ||    38
  Use: Scroll            |     1 |    11 |     3 |     3 ||    18
       Potion            |       |     3 |     1 |     4 ||     8
 Stab: Sleeping          |     1 |     1 |       |     1 ||     3
       Distracted        |       |       |     1 |       ||     1
       Held in net/web   |       |       |       |     2 ||     2
  Eat: Chunk             |       |    11 |    11 |     7 ||    29
       Ration            |       |       |     1 |     3 ||     4
Armor: Robe              |    15 |    63 |    44 |    43 ||   165
Dodge: Dodged            |    44 |   127 |    88 |    58 ||   317
Block: Buckler           |       |       |    23 |    34 ||    57
